[Event "Spring NYC Norms GM-A 2025"]
[Site "New York"]
[Date "2025.03.28"]
[Round "1.1"]
[White "Lin, Bryan Enming"]
[Black "Gauri, Shankar"]
[Result "1-0"]
[Annotator "TA"]
[ECO "B13"]
[WhiteElo "2326"]
[BlackElo "2348"]
[PlyCount "109"]
[EventDate "2025.03.26"]
[EventType "tourn"]
[EventCountry "USA"]
[SourceTitle "playchess.com"]
[Source "ChessBase"]
[SourceQuality "1"]
[TimeControl "5400+30"]

1. e4 c6 2. Nf3 d5 3. exd5 cxd5 4. d4 Nf6 5. Ne5 Nc6 6. Bb5 {[%emt 0:07:11] B13: Caro-Kann: Exchange Variation and Panov-Botvinnik Attack.} Bd7 7. Nxd7 Qxd7 8. c3 {[%emt 0:01:03] The position is equal.} e6 9. Bg5 Ne4 10. Be3 Bd6 11. Nd2 a6 $146 ({Predecessor:} 11... Nxd2 12. Qxd2 a6 13. Bd3 Ne7 14. O-O O-O 15. Rfe1 Qc7 16. h3 Rab8 17. Qe2 Ng6 {½-½ Wegerle,J (2435)-Csonka,A (2339) EU-Cup 30th Bilbao 2014 (7.5)}) 12. Bd3 f5 13. f3 Nf6 14. O-O Qc7 15. f4 {[%emt 0:03:39] [#]} (15. g3 $11) 15... g5 $1 $15 16. g3 (16. Qe2 h6) 16... g4 17. Qe2 O-O (17... h5 $15) 18. a4 h5 19. Rac1 Qh7 20. b4 h4 21. Bf2 {[%emt 0:35:54] [#]} Rae8 (21... Rfe8 $1 $17) 22. b5 $11 axb5 (22... hxg3 23. Bxg3 axb5 24. axb5 Na5) 23. axb5 hxg3 $40 {[%emt 0:01:33][%mdl 128] Black has some attack.} 24. hxg3 {[%emt 0:00:00] [#]} (24. Bxg3 $15 {is more appropriate.} Na5 25. Qf2) 24... Kf7 $1 $17 25. Be3 (25. bxc6 $2 Rh8 26. Be1 Qh1+ (26... bxc6 27. Qg2 $14) 27. Kf2 Rh2+ 28. Ke3 e5 (28... Rxe2+ $2 29. Bxe2 Qh3 30. cxb7 $19) 29. Bxf5 Rxe2+ 30. Kxe2 exf4+ (30... exd4+ $2 31. Kd1 $19) 31. Kd1 Qh5 $19) (25. Be1 Rh8) 25... Ne7 (25... Rh8 26. Qg2 Ne7 27. c4 Bb4) 26. Qg2 Ra8 27. Ra1 Rfc8 28. c4 {[%emt 0:00:00] [#]} Bb4 29. c5 Bc3 (29... Ne4 30. Nb3 Bc3 31. Rxa8 Rxa8 32. Rc1 Ra3) 30. Rxa8 Rxa8 31. Rc1 (31. Nb1 $15 Ba1 32. Rd1) 31... Bb4 (31... Ra3 $17 {...Bxd2 is the strong threat.} 32. Nf1 (32. Nb1 $2 Bxd4 33. Bxd4 Rxd3 $19) 32... Qh8) 32. Nf1 $15 Qh8 (32... Ne4 $15) 33. Rb1 $11 Ba5 34. Qc2 Ne4 35. Ra1 ({White should try} 35. Rc1 $11) 35... Bc7 ({Black should try} 35... Nxg3 $15 36. Nxg3 Bd2 37. Qxd2 Rxa1+ 38. Bf1 Kf6) 36. Ra4 (36. Rxa8 {simplifies} Qxa8 37. b6 Bd8 38. Qb2) 36... b6 37. Qa2 (37. Ra6 $14) 37... Rxa4 38. Qxa4 Qb8 39. Qa1 Ng8 (39... Nxg3 $11 40. Nxg3 Bxf4 41. Bxf4 Qxf4) 40. Bxe4 $14 fxe4 41. Qd1 Nf6 (41... bxc5 $11 42. dxc5 Qxb5) 42. Qa4 $1 Kg6 43. Bf2 Bd8 44. Ne3 Kf7 45. Kg2 {[%emt 0:00:32] White is more active.} Be7 (45... Bc7 $142) 46. c6 $16 Bd6 47. Qd1 (47. Be1 {seems wilder.} Qh8 48. Qa7+ Kg6 49. Kg1) 47... Qa8 (47... Qg8 $16 {was worth a try.} 48. Qh1 Qg7) 48. Nxg4 $18 Nxg4 49. Qxg4 {[%emt 0:00:06][%mdl 4096] Endgame Strongly threatening f5. KQB-KQB. White is a pawn up.} Qa2 $2 (49... Qf8 50. Qg5 Ke8) 50. f5 exf5 51. Qxf5+ Kg8 52. Qg6+ Kh8 53. Qxd6 Qe2 54. Qf8+ Kh7 55. c7 {[%emt 0:00:29] Weighted Error Value: White=0.15 (very precise) /Black=0.53  Mistake:       	White=5     	Black=10     Inaccurate:     	White=5     	Black=3      OK:         	White=14    	Black=19     Best:        	White=7     	Black=2      Strong:       	White=1     	---        Brilliant:      	---       	Black=1} 1-0

[Event "Spring NYC Norms GM-A 2025"]
[Site "New York"]
[Date "2025.03.28"]
[Round "1.3"]
[White "Paragua, Mark"]
[Black "Barbosa, Oliver"]
[Result "1/2-1/2"]
[Annotator "TA"]
[ECO "B11"]
[WhiteElo "2439"]
[BlackElo "2425"]
[PlyCount "33"]
[EventDate "2025.03.26"]
[EventType "tourn"]
[EventCountry "USA"]
[SourceTitle "playchess.com"]
[Source "ChessBase"]
[SourceQuality "1"]
[TimeControl "5400+30"]

1. e4 c6 2. Nf3 d5 3. Nc3 Bg4 4. h3 Bxf3 5. Qxf3 e6 6. Be2 Nf6 7. O-O Nbd7 {[%emt 0:00:29] 7...d4 injects fresh life into this line.} 8. d4 {[%emt 0:00:26] B11: Caro-Kann: Two Knights Variation.} dxe4 9. Nxe4 Nxe4 10. Qxe4 {[%emt 0:00:07] White has an edge.} Be7 11. c3 O-O 12. Bd3 {[%emt 0:00:49][%csl Gd3][%cal Re4h7] [#]} g6 13. Bh6 Re8 14. Rad1 Bg5 15. Bxg5 Qxg5 16. Rfe1 $146 (16. f4 Qh4 17. Kh2 h5 18. Qf3 Kg7 19. Bc2 Rad8 20. g3 Qf6 21. Rf2 Re7 22. Kg2 {1-0 Etchegaray,P (2397)-Aliane Diez,A (1858) San Sebastian Gros op 25th 2015 (2)}) 16... Rad8 17. Bc2 {[%emt 0:00:07] Weighted Error Value: White=0.08 (flawless) /Black=0.03 (flawless)   OK:         	White=1     	Black=5} 1/2-1/2

[Event "Spring NYC Norms GM-A 2025"]
[Site "New York"]
[Date "2025.03.28"]
[Round "1.4"]
[White "Stearman, Josiah"]
[Black "Adewumi, Tanitoluwa"]
[Result "0-1"]
[Annotator "TA"]
[ECO "C42"]
[WhiteElo "2441"]
[BlackElo "2362"]
[PlyCount "64"]
[EventDate "2025.03.26"]
[EventType "tourn"]
[EventCountry "USA"]
[SourceTitle "playchess.com"]
[Source "ChessBase"]
[SourceQuality "1"]
[TimeControl "5400+30"]

1. e4 e5 2. Nf3 Nf6 3. Nxe5 d6 4. Nf3 Nxe4 5. Nc3 Nxc3 6. dxc3 Be7 7. Be3 Nd7 8. Qd2 O-O 9. O-O-O c6 10. Bd3 d5 11. h4 {[%emt 0:00:27] C42: Petroff Defence: 3 Nxe5 and unusual White 3rd moves.} Nc5 12. Ng5 h6 13. Rde1 {[%emt 0:00:21] The position is equal.} Nxd3+ 14. Qxd3 f5 (14... g6 $5) 15. f4 Bd6 16. Nf3 Re8 17. g3 Be6 $146 {[%emt 0:00:02] [#]} (17... Re4 18. Nd2 Be6 19. Nxe4 fxe4 20. Qd2 Qa5 21. Kb1 h5 22. f5 Bxf5 23. Bf4 Bf8 {½-½ Nakamura,H (2736)-Aronian,L (2773) Lindores Abbey Final 8 rapid 2020 (1.12)}) 18. g4 $2 {[%emt 0:07:53] Loses the game.} fxg4 $19 {[%emt 0:17:35][%csl Og4] Black has a strong passed pawn} 19. Ng5 hxg5 20. hxg5 {[%emt 0:00:08] Hoping for Qh7+.} Qd7 $1 21. Qh7+ Kf8 22. Rh6 $2 {[%emt 0:06:33] [#]} (22. Bd4 Bg8 (22... Bxf4+ 23. Kb1 $11) 23. Qg6) 22... Qf7 $1 (22... gxh6 23. Qh8+ Bg8 24. Qf6+ Bf7 (24... Qf7 25. Qxd6+ Qe7 26. Qxh6+ Qg7 27. Bc5+ Kf7 28. Rxe8 $14) 25. Qh8+ Bg8 26. Qf6+ Bf7 27. Qh8+ Ke7 28. Bb6+ $11) (22... Bg8 $2 23. Rf6+ $18) 23. g6 (23. Qh8+ $2 Ke7 24. Rxe6+ Kxe6) 23... Qg8 24. f5 Bxf5 (24... gxh6 25. Bxh6+) (24... Qxh7 $2 25. gxh7 Bxf5 26. h8=Q+ $18 (26. h8=R+ Ke7 $15)) 25. Rf1 (25. Rh5 $142 Be4 26. Rh4) 25... Rxe3 (25... Re5 26. Rh5 Qxh7 27. gxh7 $15) 26. Rxf5+ Ke7 {[%emt 0:00:02] Hoping for ...Ke6.} 27. Rf7+ Ke6 28. Rxg7 {[%emt 0:00:08] [#]} Bf4 $1 29. Re7+ (29. Kd1 Qxh7) 29... Kd6 30. Rd7+ Kc5 31. Kd2 {[%emt 0:01:03] Prevents Re1+.} Re7+ (31... Rg3+ $142 32. Ke1 Qe6+ 33. Kf1 Rf3+ (33... Bxh6 $2 34. Qe7+ Qxe7 35. Rxe7 $19) 34. Kg2 Qe2+ 35. Kh1 Rf1#) 32. Kd3 Rxh7 {[%emt 0:51:27] Weighted Error Value: White=1.42/Black=0.11 (very precise)   Loses game:     	White=1     	---        Mistake:       	White=2     	---        OK:         	White=7     	Black=7      Best:        	---       	Black=4      Strong:       	---       	Black=1} 0-1

[Event "Spring NYC Norms GM-A 2025"]
[Site "New York"]
[Date "2025.03.28"]
[Round "1.5"]
[White "Sheehan, Ethan"]
[Black "Johnson, Donald"]
[Result "1-0"]
[Annotator "TA"]
[ECO "A34"]
[WhiteElo "2363"]
[BlackElo "2326"]
[PlyCount "79"]
[EventDate "2025.03.26"]
[EventType "tourn"]
[EventCountry "USA"]
[SourceTitle "playchess.com"]
[Source "ChessBase"]
[SourceQuality "1"]
[TimeControl "5400+30"]

1. Nf3 Nf6 2. c4 c5 3. g3 Nc6 4. Bg2 d5 5. cxd5 Nxd5 6. Nc3 Nc7 7. a3 g6 {is the new trend.} 8. h4 {A34: Symmetrical English: 2 Nc3, lines with ...d5.} Bg4 9. Qa4 Qd7 10. Ne4 $146 {The position is equal.} (10. O-O Bg7 11. d3 Rb8 12. Ne4 b6 13. Bf4 O-O 14. Rfe1 Rbc8 15. Nc3 Ne6 16. Be3 {1-0 Mendes Domingues,R (2228)-De Albuquerque,I (2134) Rio de Janeiro op 3rd 2024 (9)}) 10... b6 (10... b5 {simplifies} 11. Qd1 Ne6 12. d3 Bxf3 13. Bxf3 Bg7) 11. Neg5 (11. Nc3 $11 {keeps the balance.}) 11... h6 $2 {[%csl Oc1] White has a bad bishop} (11... Bg7 $17 12. h5 h6 (12... gxh5 13. Nxf7 O-O 14. N7g5 $17) 13. hxg6 hxg5 14. Rxh8+ Bxh8 15. gxf7+ Kf8 16. Nxg5 Nd4 17. Qxd7 Bxd7) 12. Nxf7 $1 $16 (12. Nh2 $2 Nd4 13. Qxd7+ Bxd7 14. Nxf7 (14. Bxa8 $2 Nc2+ 15. Kd1 Nxa1 $19) 14... Kxf7 $19) 12... b5 ({Black should try} 12... Rg8) 13. Qf4 $1 {White is more active.} Nd5 {[#]} 14. Qxg4 Qxg4 $19 15. Nxh8 Bg7 16. Bh3 Qa4 17. Nxg6 Qe4 {[%cal Oc6d4] Prevents Bf5} 18. h5 Nd4 19. O-O Nxe2+ (19... Nxf3+ 20. exf3 Qxf3 21. Bg2 Qxh5 22. d3) 20. Kg2 Nd4 $2 (20... c4 $1 $19 21. Ngh4 e6) 21. Ngh4 $15 {[%csl Od4] Strong Square Black (d4)} Bf6 (21... Nb6 $17 22. d3 Qd5 (22... Qxd3 23. Nxd4 Qxd4 24. Nf5 $11)) 22. Re1 {[#]} ({White should try} 22. d3 $1 $11 Qxd3 23. Nxd4 cxd4 (23... Qxd4 24. Nf3 $15) 24. Bf5) 22... Nf4+ $1 23. gxf4 Qd5 24. Kg3 Kf7 $2 (24... Qxh5 25. Bg4 Qd5 (25... Bxh4+ 26. Nxh4 Qd5 27. d3 $16) 26. Nxd4 cxd4 27. Ng6 $16) (24... Nc2 $17 {and life is bright. Hoping for ...Bxh4+.} 25. Be6 Qd8 (25... Qxh5 26. Bf5 $16) (25... Qc6 26. d4 $17)) 25. Nxd4 $2 (25. Bg4 $1 $18) 25... Rg8+ $11 26. Ng6 {aiming for Be6+.} Qxh5 27. Be6+ (27. Nxb5 Rxg6+ (27... Qxg6+ 28. Kh2 $17) (27... Qh4+ $2 28. Kf3 $19) 28. Kh2 Qf3 (28... Qh4 {leads to mate.} 29. Nd6+ exd6 30. Rg1 Qxf4+ 31. Kh1 Qf3+ 32. Kh2 Qxf2+ 33. Bg2 Qg3+ 34. Kh1 Qh4+ 35. Bh3 Qxh3#)) 27... Kxg6 $2 {[#]} (27... Ke8 $1 $11 {and Black has nothing to worry.} 28. Bxg8 Qxg6+ 29. Kf3 Bxd4) 28. f5+ (28. Bxg8 Qh4+ 29. Kf3 Bxd4 30. Rg1+ Kf6 $17) (28. Nf5 $1 $18) 28... Kg7 $2 {[#]} (28... Kh7+ $1 $14 29. Bxg8+ Kxg8) 29. Nf3 $1 $18 Rd8 $2 (29... Qe8 30. d3 Kh7+ 31. Bxg8+ Qxg8+ 32. Kf4 Qb8+ 33. Ke3 Qc8) 30. d4 Bh4+ $2 (30... Rxd4 31. Nxd4 Qh4+ 32. Kf3 Bxd4 33. Rg1+ Kf6) 31. Nxh4 Rxd4 32. f4 Rd1 33. Be3 Rxa1 34. Rxa1 {White mates.} Qe2 35. Bxc5 Qxb2 {[#]} 36. Nf3 $1 Kh7 (36... Qxa1 37. Bd4+) 37. Bd4 Qc2 {[#]} 38. Ng5+ $1 hxg5 39. Rh1+ Qh2+ 40. Rxh2# {Quite a comeback for White.   Weighted Error Value: White=0.28 (precise) /Black=0.98  Loses game:     	White=1     	Black=3      Missed win:     	White=1     	---        Mistake:       	White=3     	Black=6      OK:         	White=5     	Black=9      Best:        	White=7     	Black=2      Strong:       	White=3     	---        Brilliant:      	---       	Black=1} 1-0